 Dungeon Crawl Stone Soup version 0.29-a0-559-g359e09b9d1 (webtiles) character file.

Game seed: 13635368537615120647

3614 kae the Arsonist (level 9, -3/52 HPs)
             Began as a Deep Elf Fire Elementalist on June 9, 2022.
             Was a Believer of Vehumet.
             Slain by a skeletal warrior
             ... wielding a +1 vorpal glaive
              (6 damage)
             ... on level 7 of the Dungeon.
             The game lasted 00:07:07 (8602 turns).

kae the Arsonist (Deep Elf Fire Elementalist)       Turns: 8602, Time: 00:07:08

Health: -3/52      AC: 14    Str:  5    XL:     9   Next: 86%
Magic:  15/23      EV: 13    Int: 25    God:    Vehumet [**....]
Gold:   455        SH:  0    Dex: 17    Spells: 18/24 levels left

rFire   + . .      SeeInvis .   y - +1 war axe (vorpal)
rCold   . . .      Faith    .   (no shield)
rNeg    . . .      Spirit   .   C - +2 robe {rF+}
rPois   .          Reflect  .   a - +0 helmet
rElec   .          Harm     .   l - +0 cloak
rCorr   .          Rampage  .   r - +1 pair of gloves
Will    +....                   i - +1 pair of boots of the Thinker {Will+ Dex+2}
Stlth   ++........              g - amulet of regeneration
HPRegen 0.97/turn               B - +4 ring of protection
MPRegen 0.18/turn               (no ring)

@: no status effects
A: no striking features
a: Renounce Religion


You were on level 7 of the Dungeon.
You worshipped Vehumet.
Vehumet was pleased with you.
You visited 2 branches of the dungeon, and saw 8 of its levels.

You collected 455 gold pieces.

Inventory:

Hand Weapons
 n - a +0 whip
 y - a +1 vorpal war axe (weapon)
Armour
 a - a +0 helmet (worn)
 i - the +1 pair of boots of the Thinker (worn) {Will+ Dex+2}
   (You acquired it on level 6 of the Dungeon)

   Dex:       It affects your dexterity (+2).
   Will:      It increases your willpower.
 l - a +0 cloak (worn)
 r - a +1 pair of gloves (worn)
 C - a +2 robe of fire resistance (worn)
Jewellery
 g - an amulet of regeneration (around neck)
 B - a +4 ring of protection (left hand)
 H - an amulet of reflection
 K - a ring of poison resistance
Wands
 m - a wand of charming (9)
 t - a wand of paralysis (10)
 v - a wand of acid (9)
 J - a wand of flame (14)
Scrolls
 e - a scroll of poison
 f - a scroll of enchant armour
 j - 3 scrolls of identify
 k - a scroll of immolation {unknown}
 o - a scroll of enchant weapon
 p - 2 scrolls of fog
 s - a scroll of teleportation
 F - a scroll of torment {unknown}
 I - a scroll of amnesia {unknown}
Potions
 b - 2 potions of magic
 c - 2 potions of degeneration
 d - 3 potions of heal wounds
 h - 2 potions of ambrosia
 q - 2 potions of might
 u - 4 potions of curing
 w - 2 potions of invisibility {unknown}
 x - 3 potions of attraction
 z - a potion of cancellation
 A - 2 potions of brilliance {unknown}
 D - a potion of mutation
 E - 2 potions of haste {unknown}
 G - 2 potions of resistance {unknown}


   Skills:
 + Level 4.5 Fighting
 - Level 2.4 Dodging
 - Level 2.4 Stealth
 + Level 8.2 Spellcasting
 * Level 9.0 Conjurations
 * Level 9.7 Fire Magic


You had 18 spell levels left.
You knew the following spells:

 Your Spells              Type           Power      Damage    Failure   Level
a - Foxfire               Conj/Fire      100%       2x1d9     1%          1
b - Scorch                Fire           100%       2d10      1%          2
c - Conjure Flame         Conj/Fire      54%        6-21      1%          3

Your spell library contained the following spells:

 Spells                   Type           Power      Damage    Failure   Level
 Sandblast                Erth           20%        2d7       6%          1
 Flame Wave               Conj/Fire      54%        2d11      1%          4
 Inner Flame              Hex/Fire       34%        N/A       2%          3
 Apportation              Tloc           20%        N/A       6%          1
 Blink                    Tloc           20%        N/A       9%          2
 Lesser Beckoning         Tloc           10%        N/A       19%         3
 Alistair's Intoxication  Tmut/Pois      6%         N/A       86%         5
 Manifold Assault         Tloc           10%        N/A       86%         5
 Borgnjor's Revivificati  Necr           5%         N/A       100%        8
 Necromutation            Tmut/Necr      5%         N/A       100%        8
 Death's Door             Necr           5%         N/A       100%        9


Dungeon Overview and Level Annotations

Branches:
Dungeon (7/15)             Temple (1/1) D:4

Altars:
Ashenzari
Cheibriados
Fedhas
Hepliaklqana
Kikubaaqudgha
Nemelex Xobeh
Okawaru
Trog
Uskayaw
Vehumet
Yredelemnul

Shops:
D:7 [

Annotations:
D:7 exclusion: skeletal warrior


Message History

You destroy the skeletal warrior!
Vehumet accepts your kill.
You feel your power returning.
Your Spellcasting skill increases to level 8!
Your Conjurations skill increases to level 9!
Unknown command.
There is a stone staircase leading up here.
You see here a +0 war axe.
You see here a +0 hand axe.
A skeletal warrior comes into view. It is wielding a +1 vorpal glaive.
Casting: Scorch (safe; 1% risk of failure)
Confirm with . or Enter, or press ? or * to list all spells.
The fire begins to smoulder!
The fire ignites!
The skeletal warrior is engulfed in blazing flames.
The skeletal warrior closely misses you.
Casting: Conjure Flame (safe; 1% risk of failure)
Confirm with . or Enter, or press ? or * to list all spells.
Flames lash the skeletal warrior.
The skeletal warrior is lightly damaged.
The skeletal warrior's fire resistance burns away.
The skeletal warrior is engulfed in blazing flames.
The skeletal warrior hits you with a +1 vorpal glaive!
The skeletal warrior is engulfed in blazing flames.
The skeletal warrior hits you with a +1 vorpal glaive.
Casting: Scorch (safe; 1% risk of failure)
Confirm with . or Enter, or press ? or * to list all spells.
Flames lash the skeletal warrior.
The skeletal warrior is moderately damaged.
The skeletal warrior is engulfed in blazing flames.
The skeletal warrior misses you.
The skeletal warrior hits you with a +1 vorpal glaive!!
Casting: Scorch (safe; 1% risk of failure)
Confirm with . or Enter, or press ? or * to list all spells.
Flames lash the skeletal warrior but do no damage.
The skeletal warrior hits you with a +1 vorpal glaive!
* * * LOW HITPOINT WARNING * * *
x2 The skeletal warrior is engulfed in blazing flames.
The skeletal warrior hits you with a +1 vorpal glaive.
You die...

########
#.z....#
#@####.# #.#
#.##### #.#
#z##.. #.#
#.##.# #.# #.#
#.##.##.....
#.####.......#
#....####z.!..#
####.#
#.......# #.#
.#......#


You could see a skeletal warrior (combustible).

Vanquished Creatures
  2 skeletal warriors (D:7)
  3 steam dragons
  A sky beast (D:6)
  An ice beast (D:5)
  4 ogres
  2 black bears
  A centaur (D:5)
  A phantom (D:6)
  A bullfrog (D:5)
  A scorpion (D:5)
  3 necrophages
  A gnoll sergeant (D:4)
  3 wights (D:7)
  A water moccasin zombie (D:4)
  A bullfrog zombie (D:4)
  3 jellies
  2 orc priests
  A gnoll shaman (D:7)
  3 hounds
  3 iguanas
  A scorpion zombie (D:4)
  A hound zombie (D:4)
  11 gnolls
  6 adders
  2 shadow imps
  2 ufetubi
  2 adder zombies (D:4)
  An adder skeleton (D:4)
  2 worms
  A dart slug (D:2)
  13 orcs
  9 bats
  8 endoplasms
  4 giant cockroaches
  10 goblins
  13 hobgoblins
  10 jackals
  7 kobolds
  6 quokkas
  2 ball pythons
  5 frilled lizards
  A quokka skeleton (D:4)
  8 rats
163 creatures vanquished.

Vanquished Creatures (others)
  An iguana (D:5)
  471 foxfires
  A withered plant (D:4)
473 creatures vanquished.

Grand Total: 636 creatures vanquished

Notes
Turn   | Place    | Note
-------+----------+-------------------------------------------
     0 | D:1      | kae the Deep Elf Fire Elementalist began the quest for the
                  | Orb.
     0 | D:1      | Reached XP level 1. HP: 10/10 MP: 6/6
   158 | D:1      | Reached XP level 2. HP: 15/15 MP: 6/8
   633 | D:1      | Reached XP level 3. HP: 19/19 MP: 4/9
   882 | D:1      | Learned a level 2 spell: Scorch
  1515 | D:2      | Reached XP level 4. HP: 24/24 MP: 5/11
  2450 | D:3      | Learned a level 3 spell: Conjure Flame
  2558 | D:3      | Reached skill level 1 in Fighting
  2660 | D:3      | Found a faded altar of an unknown god.
  2693 | D:3      | Found a basalt altar of Yredelemnul.
  2699 | D:3      | Found a blossoming altar of Fedhas.
  2700 | D:3      | Found an iron altar of Okawaru.
  2700 | D:3      | Found an ancient bone altar of Kikubaaqudgha.
  2700 | D:3      | Found a hazy altar of Hepliaklqana.
  2700 | D:3      | Found a broken altar of Ashenzari.
  2704 | D:3      | Found a hide-covered altar of Uskayaw.
  2884 | D:3      | Reached XP level 5. HP: 29/29 MP: 9/13
  3308 | D:4      | Found a staircase to the Ecumenical Temple.
  3346 | D:4      | Reached skill level 5 in Fire Magic
  3355 | Temple   | Entered the Ecumenical Temple
  3463 | Temple   | Became a worshipper of Vehumet
  3537 | D:4      | Reached XP level 6. HP: 34/34 MP: 8/14
  4491 | D:5      | Entered Level 5 of the Dungeon
  4496 | D:5      | Reached XP level 7. HP: 40/40 MP: 13/16
  4511 | D:5      | Reached skill level 5 in Spellcasting
  4871 | D:5      | Reached skill level 5 in Conjurations
  5212 | D:5      | Reached XP level 8. HP: 35/45 MP: 5/18
  5565 | D:5      | Reached * piety under Vehumet
  5565 | D:5      | Offered knowledge of Freeze by Vehumet.
  5942 | D:6      | Identified a scroll of acquirement
  5942 | D:6      | Acquired the +1 pair of boots of the Thinker {Will+ Dex+2}
  6615 | D:6      | Reached XP level 9. HP: 51/51 MP: 12/21
  7549 | D:7      | Found Fox Dafeid's Armour Shoppe.
  7623 | D:7      | Offered knowledge of Sandblast by Vehumet.
  7658 | D:7      | Reached ** piety under Vehumet
  7716 | D:7      | Noticed a skeletal warrior
  7880 | D:7      | Noticed a skeletal warrior
  7933 | D:7      | Killed a skeletal warrior
  8074 | D:7      | Noticed a skeletal warrior
  8505 | D:7      | Killed a skeletal warrior
  8581 | D:7      | Noticed a skeletal warrior
  8601 | D:7      | HP: 2/52 [skeletal warrior/+1 vorpal glaive (2)]
  8602 | D:7      | Slain by a skeletal warrior

Illustrated notes

Levels and vault maps discovered:
D:1:      dpeg_arrival_shrine, layout_basic
D:2:      layout_rooms, serial_glass, glass_columns_a, glass_columns_a
D:3:      minmay_skewed_foursquare, layout_basic, minitemple,
          ebering_ecumenical_altar_hall, supply_closet_lemuel
D:4:      layout_loops_cross, minmay_temple_entry_statues_fountains,
          serial_undead, serial_undead_b, serial_undead_c, serial_undead_f,
          serial_undead_e
D:5:      layout_basic, minmay_increasing_density
D:6:      layout_basic
D:7:      layout_loops_cross, serial_shops, shop, hangedman_decor_slide_cut
Temple:   eino_wide_crystal_templ

Skill      XL: |  1  2  3  4  5  6  7  8  9 |
---------------+----------------------------+-----
Conjurations   | 2 3 4 6 7 9 |  9.0
Fire Magic     | 4 5 6 8 9 |  9.7
Fighting       | 1 2 3 4 |  4.5
Spellcasting   | 4 5 6 8 |  8.2
Dodging        | |  2.4
Stealth        | |  2.4

Action                   |  1- 3 |  4- 6 |  7- 9 || total
-------------------------+-------+-------+-------++-------
Melee: War axe           |       |    12 |     6 ||    18
 Cast: Foxfire           |    79 |   104 |   104 ||   287
       Scorch            |     3 |    16 |    64 ||    83
       Conjure Flame     |       |     1 |     4 ||     5
Evoke: Wand              |       |       |     1 ||     1
  Use: Scroll            |       |       |    19 ||    19
Armor: Robe              |     2 |    10 |    33 ||    45
Dodge: Dodged            |    18 |    32 |    68 ||   118

Table legend: (Time is in decaauts)
 A = Elapsed time spent in this place.
 B = Non-inter-level travel time spent in this place.
 C = Inter-level travel time spent in this place.
 D = Time resting spent in this place.
 E = Time spent auto-exploring this place.
 F = Levels seen in this place.
 G = Mean time per level.
                   A        B        C        D        E       F      G
               +--------+--------+--------+--------+--------+-----+--------+
         Total |   8610 |   8287 |    323 |    528 |   6358 |   8 | 1076.2 |
       Dungeon |   8492 |   8174 |    318 |    439 |   6356 |   7 | 1213.1 |
        Temple |    117 |    112 |      5 |     89 |      2 |   1 |  117.0 |
               +--------+--------+--------+--------+--------+-----+--------+

Top non-repeatable levels by time:
     D:5: 1436 daAuts
     D:1: 1364 daAuts
     D:7: 1338 daAuts
     D:6: 1338 daAuts
     D:4: 1080 daAuts
     D:3: 1062 daAuts
     D:2: 872 daAuts
  Temple: 117 daAuts
